 Dungeon Sprint DCSS version 0.18-a0-1788-g92de1ac (webtiles) character file.

68990 Moloch the Axe Maniac (level 14, -1/156 HPs)
             Began as a Deep Dwarf Fighter on Apr 19, 2016.
             Was the Champion of Makhleb.
             Slain by a jumping spider (8 damage)
             ... in the Dungeon (Sprint V: "Ziggurat Sprint").
             The game lasted 00:12:04 (889 turns).

Moloch the Axe Maniac (Deep Dwarf Fighter)           Turns: 889, Time: 00:12:05

Health: -1/156     AC: 21    Str: 42      XL:     14   Next: 88%
Magic:  1/23       EV:  3    Int: 18 (19) God:    Makhleb [******]
Gold:   0          SH: 35    Dex:  8      Spells: 2 memorised, 11 levels left

rFire  + + +     SeeInvis +     L - +14 obsidian axe {chop, +Fly Str+3 SInv *Curse} (curse)
rCold  + . .     Gourm    +     m - +5 gold dragon armour
rNeg   + + .     Faith    .     M - +18 shield of the gong {rElec rN+ MR+ EV-5}
rPois  +         Spirit   .     (no helmet)
rElec  +         Dismiss  .     b - +0 cloak of Intercession {Int+6}
rCorr  .         Reflect  .     N - +0 pair of gloves "Duaducoz" {MP-9 Str+8 Stlth-}
SustAt .         Harm     .     S - +0 pair of boots {Fly}
MR     +++..     NoTele   +     V - amulet "Mimosaann" {Gourm -Tele rF+++ MR- MP+9}
Stlth  ..........               R - ring "Vudeatent" {rF+ Str+3 Dex-3 Stlth-}
                                H - ring "Ywkub" {Fragile Str+5 Int+3 Slay+6}

@: lethally poisoned (-1 -> -41), corroded, flying, mesmerised,
non-regenerating, extremely resistant to hostile enchantments, extremely
unstealthy
A: damage resistance, recharge devices, clumsy 1, magic resistance 1, negative
energy resistance 1, sense surroundings 2, slow regeneration 3
a: Device Recharging, Minor Destruction, Lesser Servant of Makhleb, Major
Destruction, Greater Servant of Makhleb, Renounce Religion, Stop Flying


You were in the Dungeon.
You worshipped Makhleb.
Makhleb was exalted by your worship.
You were very full.

You visited 1 branch

Inventory:

Hand Weapons
 L - the cursed +14 obsidian axe (weapon) {chop, +Fly Str+3 SInv *Curse}
   (You found it in the Dungeon)

   It inflicts extra damage upon your enemies.
   It affects your strength (+3).
   It lets you see invisible.
   It lets you fly.
   It may re-curse itself when equipped.
   It has a curse placed upon it.
Armour
 b - the +0 cloak of Intercession (worn) {Int+6}
   (You found it in the Dungeon)

   It affects your intelligence (+6).
 m - a +5 gold dragon armour (worn)
 M - the +18 shield of the gong (worn) {rElec rN+ MR+ EV-5}
   (You found it in the Dungeon)

   It affects your evasion (-5).
   It insulates you from electricity.
   It protects you from negative energy.
   It affects your resistance to hostile enchantments.
 N - the +0 pair of gloves "Duaducoz" (worn) {MP-9 Str+8 Stlth-}
   (You found it in the Dungeon)

   It affects your strength (+8).
   It affects your magic capacity (-9).
   It makes you less stealthy.
 S - a +0 pair of boots of flying (worn)
Jewellery
 c - the ring of Shaolin {EV+8}
   (You found it in the Dungeon)

   [ring of evasion]

   It affects your evasion (+8).
 u - the amulet "Viulodgh" {Spirit rN+++ MP+9 Str-2}
   (You found it in the Dungeon)

   [amulet of guardian spirit]

   It causes incoming damage to be split between your health and magic.
   It affects your strength (-2).
   It renders you almost immune to negative energy.
   It affects your magic capacity (+9).
 G - a +6 ring of dexterity
 H - the ring "Ywkub" (left hand) {Fragile Str+5 Int+3 Slay+6}
   (You found it in the Dungeon)

   [ring of strength]

   It affects your strength (+5).
   It affects your intelligence (+3).
   It affects your accuracy and damage with ranged weapons and melee attacks
   (+6).
   It will be destroyed if unequipped.
 I - the ring "Torgh" {rC+ rN+ AC+3 Dex+3}
   (You found it in the Dungeon)

   [ring of protection]

   It affects your AC (+3).
   It affects your dexterity (+3).
   It protects you from cold.
   It protects you from negative energy.
 K - a +6 ring of strength
 R - the ring "Vudeatent" (right hand) {rF+ Str+3 Dex-3 Stlth-}
   (You found it in the Dungeon)

   [ring of loudness]

   It affects your strength (+3).
   It affects your dexterity (-3).
   It protects you from fire.
   It makes you less stealthy.
 V - the amulet "Mimosaann" (around neck) {Gourm -Tele rF+++ MR- MP+9}
   (You found it in the Dungeon)

   [amulet of the gourmand]

   It allows you to eat raw meat even when not hungry.
   It renders you almost immune to fire.
   It affects your resistance to hostile enchantments.
   It affects your magic capacity (+9).
   It prevents most forms of teleportation.
Wands
 e - a wand of heal wounds (5/9)
 B - a wand of disintegration (7/24)
 C - a wand of iceblast (5/15)
 D - a wand of lightning (5/15)
 E - a wand of acid (5/15)
 T - a wand of heal wounds (3/9)
Scrolls
 l - 4 scrolls of blinking
 s - 4 scrolls of amnesia
 t - 3 scrolls of recharging
 v - a scroll of holy word
 w - 5 scrolls of identify
 x - 5 scrolls of remove curse
 y - 2 scrolls of fear
 U - a scroll of brand weapon
Potions
 d - 5 potions of might
 g - 9 potions of curing
 h - 12 potions of heal wounds
 i - 5 potions of haste
 j - 7 potions of magic
 k - 3 potions of berserk rage
 n - 2 potions of brilliance
 o - 2 potions of invisibility
 p - 4 potions of resistance
 q - a potion of experience
 r - 4 potions of agility
Miscellaneous
 a - a legendary deck of changes
 F - a phantom mirror
 J - a plain deck of wonders
 O - a plain deck of changes
 P - an ornate deck of escape
 Q - a legendary deck of changes
Comestibles
 f - 5 bread rations
 z - 33 fruits
 A - 4 meat rations


   Skills:
 + Level 18.0 Fighting
 O Level 27 Axes
 * Level 14.6 Armour
 * Level 19.4 Shields
 - Level 3.3 Spellcasting
 - Level 3.6 Charms
 * Level 12.4 Invocations
 - Level 10.5 Evocations


You had 11 spell levels left.
You knew the following spells:

 Your Spells              Type           Power        Failure   Level  Hunger
a - Blink                 Tloc           N/A          99%         2    ##.....
b - Haste                 Chrm           ###.....     100%        6    #######


Dungeon Overview and Level Annotations

Branches:
Dungeon (1/1)

Altars:
Ashenzari
Cheibriados
Dithmenos
Elyvilon
Fedhas
Gozag
Kikubaaqudgha
Makhleb
Nemelex Xobeh
Okawaru
Pakellas
Qazlal
Ru
Sif Muna
Trog
Vehumet
Xom
Yredelemnul
Zin
The Shining One
Beogh
Jiyva
Lugonu


Innate Abilities, Weirdness & Mutations

You are resistant to damage.
You can recharge devices by infusing magical energy.
You resist negative energy.
You passively map the area around you.
You do not regenerate naturally.
You are clumsy. (Dex -2)
You are resistant to hostile enchantments.


Message History

Unknown command.
Unknown command.
The web tears apart.
Visions of slaying the jumping spider flood into your mind.
* * * LOW HITPOINT WARNING * * *
You feel very sick. You block the jumping spider's attack.
BOUMMMMG!
You block the jumping spider's attack.
SHROANNG!
The hornet stings you!!
* * * LOW HITPOINT WARNING * * *
The wolf spider hits you but does no damage.
You block the wolf spider's attack.
BOUMMMMG!
The jumping spider pounces on your ice devil but does no damage.
The jumping spider barely misses your ice devil.
The jumping spider pounces on you but does no damage.
The jumping spider bites you!
You die...

, ,, , , ▓.....
▓...)))}[})=|=" ,▓.....
▓...)}!))}}[?[). ▓.....
▓..."}?[\::=!)?.. ▓▓▓▓▓▓
▓................ ▓.....
▓....s........... ▓..[..
▓...s.ysy........,▓..|[.
▓....yysyy....... ▓.....
▓....ys@ysp...... ▓.....
▓...s4.sy........ ▓.....
▓................ ▓.....
▓...4............,▓.....
▓................,▓.....
▓...▓.........▓.. ▓.....
▓..▓.▓.......▓.▓.,▓...▓.
▓...▓.........▓.. ▓..▓.▓
............... *...▓.


You could see 2 ghost moths, an entropy weaver, a demonic crawler, a wolf spider
(berserk), 3 moths of wrath, a hornet (berserk), 2 orb spiders, 3 jumping
spiders, a tarantella (berserk), 3 wasps, a friendly ice devil and a friendly
red devil.

Vanquished Creatures
  3 greater mummies (D)
  An acid blob (D)
  3 shadow dragons (D)
  An azure jelly (D)
  A balrug (D)
  A reaper (D)
  A ghoul (D)
  5 death oozes (D)
  2 ice dragons (D)
  2 dancing weapons (D)
  An orc high priest (D)
  A sun demon (D)
  11 soul eaters (D)
  A deep elf knight (D)
  A death scarab (D)
  A deep elf mage (D)
  2 orc sorcerers (D)
  3 orc knights (D)
  2 orb spiders (D)
  A wolf spider (D)
  A worldbinder (D)
  4 starcursed masses (D)
  9 hornets (D)
  A shining eye (D)
  2 moths of wrath (D)
  A black mamba (D)
  An eye of devastation (D)
  4 spiny frogs (D)
  2 rime drakes (D)
  8 demonic crawlers (D)
  4 ice devils (D)
  6 guardian mummies (D)
  An efreet (D)
  An ancient zyme (D)
  5 jumping spiders (D)
  2 large abominations (D)
  A polar bear (D)
  A troll (shapeshifter) (D)
  8 slime creatures (D)
  2 blink frogs (D)
  A raiju (D)
  3 ushabtiu (D)
  A flying skull (D)
  3 shadows (D)
  4 redbacks (D)
  6 tarantellas (D)
  A fire elemental (D)
  2 wyverns (D)
  2 yaks (D)
  3 golden eyes (D)
  A basilisk (shapeshifter) (D)
  A steam dragon (D)
  A hippogriff (D)
  A mottled dragon (D)
  A warg (D)
  3 hell hounds (D)
  A porcupine (D)
  A water moccasin (D)
  3 ice beasts (D)
  6 orc warriors (D)
  An eye of draining (D)
  7 wasps (D)
  A necrophage (D)
  2 phantoms (D)
  2 wolves (D)
  3 crocodiles (D)
  A small abomination (D)
  A giant frog (D)
  2 scorpions (D)
  4 wights (D)
  6 jellies (D)
  9 orc priests (D)
  2 iguanas (D)
  2 sheep (D)
  5 mummies (D)
  A river rat (D)
  A shadow imp (D)
  A white imp (D)
  2 adder zombies (D)
  2 oozes (D)
  5 adder skeletons (D)
  5 orcs (D)
  2 spectral bats (D)
  4 bat skeletons (D)
  2 bat zombies (D)
  A ball python skeleton (D)
  A ball python zombie (D)
  5 giant cockroach zombies (D)
  A giant gecko skeleton (D)
  A giant gecko zombie (D)
  3 quokka skeletons (D)
  A quokka zombie (D)
  A spectral giant gecko (D)
  2 spectral quokkas (D)
242 creatures vanquished.

Vanquished Creatures (collateral kills)
  A shadow dragon (D)
  A blizzard demon (D)
  2 soul eaters (D)
  A blink frog (D)
  A steam dragon (D)
  2 orc warriors (D)
  A wasp (D)
  A scorpion (D)
  A wight (D)
  An orc priest (D)
  An orc wizard (D)
  A sheep (D)
  2 mummies (D)
  An adder zombie (D)
  A giant cockroach zombie (D)
18 creatures vanquished.

Vanquished Creatures (others)
  A starcursed mass (D)
  A giant gecko simulacrum (D)
2 creatures vanquished.

Grand Total: 262 creatures vanquished

Notes
Turn   | Place    | Note
--------------------------------------------------------------
     0 | D        | Moloch the Deep Dwarf Fighter began the quest for the Orb.
     0 | D        | Reached XP level 1. HP: 20/20 MP: 1/1
    15 | D        | Found a roughly hewn altar of Beogh.
    15 | D        | Found a viscous altar of Jiyva.
    15 | D        | Found a corrupted altar of Lugonu.
    15 | D        | Found a white marble altar of Elyvilon.
    15 | D        | Found a sparkling altar of Nemelex Xobeh.
    15 | D        | Found a burning altar of Makhleb.
    15 | D        | Found an iron altar of Okawaru.
    15 | D        | Found a deep blue altar of Sif Muna.
    15 | D        | Found a radiant altar of Vehumet.
    15 | D        | Found a bloodstained altar of Trog.
    15 | D        | Found a shimmering altar of Xom.
    51 | D        | Became a worshipper of Makhleb the Destroyer
    53 | D        | Entered arena 1.
    55 | D        | Reached * piety under Makhleb
    55 | D        | Reached skill level 3 in Axes
    61 | D        | Entered arena 2.
    61 | D        | Noticed a hell hound
    61 | D        | Noticed a hell hound
    61 | D        | Noticed a fire elemental
    63 | D        | Killed a hell hound
    63 | D        | Reached skill level 6 in Axes
    63 | D        | Reached XP level 2. HP: 37/37 MP: 2/2
    63 | D        | Reached XP level 3. HP: 43/43 MP: 3/3
    63 | D        | Reached XP level 4. HP: 51/51 MP: 4/4
    68 | D        | Killed a hell hound
    68 | D        | Reached skill level 8 in Axes
    68 | D        | Reached XP level 5. HP: 52/61 MP: 5/5
    69 | D        | Killed a fire elemental
    69 | D        | Reached skill level 10 in Axes
    69 | D        | Reached XP level 6. HP: 58/72 MP: 6/6
    75 | D        | Entered arena 3.
    75 | D        | Noticed a jumping spider
    77 | D        | Killed a jumping spider
    77 | D        | Reached ** piety under Makhleb
    77 | D        | Reached skill level 10 in Fighting
    77 | D        | Reached skill level 11 in Axes
    77 | D        | Reached XP level 7. HP: 80/80 MP: 7/7
    79 | D        | Reached *** piety under Makhleb
    80 | D        | Reached skill level 12 in Axes
    85 | D        | Entered arena 4.
    88 | D        | Reached **** piety under Makhleb
   102 | D        | Entered arena 5.
   105 | D        | Reached ***** piety under Makhleb
   115 | D        | Got the amulet of Pakellas's Approval {Spirit MR+}
   221 | D        | Entered arena 6.
   221 | D        | Noticed a yak
   221 | D        | Noticed a spiny frog
   221 | D        | Noticed a blink frog
   224 | D        | Killed a spiny frog
   224 | D        | Reached skill level 13 in Axes
   224 | D        | Reached XP level 8. HP: 91/91 MP: 0/8
   226 | D        | Killed a blink frog
   226 | D        | Reached skill level 14 in Axes
   228 | D        | Reached ****** piety under Makhleb
   237 | D        | Got the ring "Ywkub" {Fragile Str+5 Int+3 Slay+6}
   245 | D        | Entered arena 7.
   245 | D        | Noticed a dire flail of protection
   245 | D        | Noticed a deep elf knight
   245 | D        | Noticed a troll
   245 | D        | Noticed a deep elf mage
   245 | D        | Noticed a mace of protection
   245 | D        | Noticed a blink frog
   247 | D        | a blink frog changed into a water moccasin
   248 | D        | Killed a dire flail of protection
   248 | D        | Reached skill level 15 in Axes
   248 | D        | Gained mutation: You passively map the area around you. [Deep Dwarf growth]
   248 | D        | Reached XP level 9. HP: 102/102 MP: 0/9
   250 | D        | Killed a mace of protection
   250 | D        | Reached skill level 16 in Axes
   250 | D        | Reached skill level 17 in Axes
   251 | D        | Killed a deep elf mage
   252 | D        | Killed a troll
   255 | D        | Killed a deep elf knight
   255 | D        | Reached skill level 18 in Axes
   255 | D        | Reached XP level 10. HP: 112/112 MP: 0/10
   263 | D        | Gained mutation: You are weak. (Str -2) [mutagenic meat]
   264 | D        | Lost mutation: You are weak. (Str -2) [mutagenic meat]
   265 | D        | Gained mutation: You are clumsy. (Dex -2) [mutagenic meat]
   266 | D        | Gained mutation: You are resistant to hostile enchantments. [mutagenic meat]
   277 | D        | Entered arena 8.
   284 | D        | Reached skill level 5 in Shields
   311 | D        | Entered arena 9.
   311 | D        | Noticed a black mamba
   318 | D        | Killed a black mamba
   318 | D        | Reached skill level 19 in Axes
   336 | D        | Entered arena 10.
   343 | D        | Reached skill level 5 in Armour
   343 | D        | Reached skill level 1 in Evocations
   355 | D        | Got the ring of Cief {MP+9 Stlth-}
   362 | D        | Identified the Reference Book on Displaced Black Arts (You found it in the Dungeon)
   365 | D        | Learned a level 2 spell: Blink
   368 | D        | Entered arena 11.
   368 | D        | Noticed a balrug
   368 | D        | Noticed a starcursed mass
   368 | D        | Noticed a worldbinder
   369 | D        | Noticed a sun demon
   372 | D        | Noticed an elephant
   372 | D        | Killed a worldbinder
   377 | D        | Killed a balrug
   377 | D        | Reached XP level 11. HP: 121/121 MP: 8/13
   377 | D        | Reached skill level 20 in Axes
   378 | D        | Killed a sun demon
   380 | D        | Paralysed by accursed screaming for 1 turns
   381 | D        | Killed a starcursed mass
   386 | D        | Killed a starcursed mass
   407 | D        | Got the +0 pair of gloves "Duaducoz" {MP-9 Str+8 Stlth-}
   416 | D        | Entered arena 12.
   416 | D        | Noticed a death ooze
   416 | D        | Noticed a death ooze
   417 | D        | Noticed an azure jelly
   419 | D        | Killed a death ooze
   419 | D        | Reached skill level 10 in Shields
   419 | D        | Reached skill level 5 in Evocations
   424 | D        | Killed an azure jelly
   424 | D        | Reached skill level 15 in Fighting
   424 | D        | Reached skill level 21 in Axes
   426 | D        | Killed a death ooze
   449 | D        | Entered arena 13.
   461 | D        | Reached XP level 12. HP: 132/132 MP: 8/17
   490 | D        | Learned a level 6 spell: Haste
   490 | D        | Entered arena 14.
   491 | D        | Noticed a blizzard demon
   491 | D        | Noticed a reaper
   499 | D        | Killed a reaper
   499 | D        | Reached skill level 22 in Axes
   506 | D        | Killed a blizzard demon
   513 | D        | Entered arena 15.
   514 | D        | Noticed a shadow dragon
   534 | D        | Killed a shadow dragon
   534 | D        | Reached skill level 23 in Axes
   551 | D        | Entered arena 16.
   555 | D        | Noticed an orc high priest
   560 | D        | Reached skill level 10 in Evocations
   569 | D        | Reached skill level 10 in Armour
   580 | D        | Killed an orc high priest
   587 | D        | Entered arena 17.
   590 | D        | Noticed an acid blob
   590 | D        | Noticed a death ooze
   591 | D        | Noticed a death ooze
   591 | D        | Noticed a death ooze
   596 | D        | Killed an acid blob
   596 | D        | Reached skill level 1 in Spellcasting
   596 | D        | Reached skill level 1 in Charms
   596 | D        | Reached XP level 13. HP: 116/140 MP: 2/20
   596 | D        | Killed a death ooze
   596 | D        | Reached skill level 24 in Axes
   598 | D        | Killed a death ooze
   599 | D        | Killed a death ooze
   612 | D        | Got the ring "Vudeatent" {rF+ Str+3 Dex-3 Stlth-}
   627 | D        | Entered arena 18.
   660 | D        | Got the +0 cloak of Intercession {Int+6}
   675 | D        | Entered arena 19.
   680 | D        | Noticed a shadow dragon
   681 | D        | Noticed a shadow dragon
   681 | D        | Noticed a shadow dragon
   681 | D        | Noticed a ghoul
   689 | D        | Reached skill level 1 in Invocations
   694 | D        | Reached skill level 25 in Axes
   696 | D        | Killed a ghoul
   697 | D        | Killed a shadow dragon
   697 | D        | Reached skill level 15 in Shields
   698 | D        | Killed a shadow dragon
   701 | D        | Reached skill level 5 in Invocations
   702 | D        | Killed a shadow dragon
   710 | D        | Got the amulet of Nawkun {Inacc rPois rF+ Int+4 Dex+2}
   713 | D        | Got the ring of Conewimm {rN+ MP+9 Str+3}
   726 | D        | Got the amulet "Viulodgh" {Spirit rN+++ MP+9 Str-2}
   734 | D        | Entered arena 20.
   738 | D        | Noticed a greater mummy
   740 | D        | Noticed a greater mummy
   741 | D        | Noticed a greater mummy
   745 | D        | Noticed an emperor scorpion
   745 | D        | Noticed an emperor scorpion
   745 | D        | Noticed an emperor scorpion
   750 | D        | Reached skill level 26 in Axes
   753 | D        | Killed a greater mummy
   753 | D        | Gained mutation: You resist negative energy. [Deep Dwarf growth]
   753 | D        | Reached XP level 14. HP: 149/151 MP: 0/21
   753 | D        | Noticed a reaper
   755 | D        | Noticed an emperor scorpion
   755 | D        | Noticed an emperor scorpion
   757 | D        | Killed a greater mummy
   763 | D        | Killed a greater mummy
   763 | D        | Reached skill level 27 in Axes
   763 | D        | Reached skill level 10 in Invocations
   763 | D        | Noticed a reaper
   783 | D        | Got the ring "Torgh" {rC+ rN+ AC+3 Dex+3}
   790 | D        | Entered arena 21.
   838 | D        | Got the amulet "Mimosaann" {Gourm -Tele rF+++ MR- MP+9}
   868 | D        | Entered arena 22.
   875 | D        | Noticed a ghost moth
   876 | D        | Noticed a ghost moth
   889 | D        | HP: 7/156 [hornet (22)]
   889 | D        | Slain by a jumping spider

Vault maps used:
D:        sprint_v

Skill      XL: |  1  2  3  4  5  6  7  8  9 10 11 12 13 14 |
---------------+-------------------------------------------+-----
Fighting       | 7 8 9 10 12 13 14 15 16 18 | 18.0
Axes           | 6 8 10 11 13 15 18 19 21 23 26 27 | 27.0
Shields        | 8 11 13 16 19 | 19.4
Armour         | 6 8 10 12 14 | 14.6
Evocations     | 3 7 10 | 10.5
Spellcasting   | 1 3 |  3.3
Charms         | 1 3 |  3.6
Invocations    | 7 12 | 12.4

Action                   |  1- 3 |  4- 6 |  7- 9 | 10-12 | 13-15 || total
-------------------------+-------+-------+-------+-------+-------++-------
Melee: Broad axe         |     3 |     7 |    25 |   120 |   102 ||   257
  Use: Potion            |       |       |       |       |     4 ||     4
  Eat: Chunk             |       |       |       |     5 |       ||     5
       Fruit             |       |       |       |       |     9 ||     9
Armor: Gold dragon armou |     1 |     5 |    10 |    19 |   130 ||   165
Dodge: Dodged            |       |       |     2 |    13 |    16 ||    31
Block: Shield            |     5 |    11 |    28 |   142 |   198 ||   384
       Reflection        |       |       |       |     1 |       ||     1
